 Dungeon Crawl Stone Soup version 0.20.0-15-g7f486f2 (webtiles) character file.

925 Jannitor the Skirmisher (level 7, 0/56 HPs)
             Began as a Mummy Fighter on June 9, 2017.
             Was a Priest of Cheibriados.
             Slain by an orc warrior
             ... wielding a +0 scimitar of holy wrath
              (4 damage)
             ... on level 5 of the Dungeon.
             The game lasted 00:08:00 (6149 turns).

Jannitor the Skirmisher (Mummy Fighter)             Turns: 6149, Time: 00:08:00

Health: 0/56       AC:  9    Str: 27    XL:     7   Next: 84%
Magic:  6/9        EV:  8    Int: 14    God:    Cheibriados [***...]
Gold:   307        SH: 11    Dex: 17    Spells: 6/6 levels left

rFire    x . .     SeeInvis .   r - +2 morningstar (crush)
rCold    + . .     Gourm    .   c - +0 shield
rNeg     + + +     Faith    .   d - +1 ring mail (curse)
rPois    ∞         Spirit   .   l - +0 helmet
rElec    .         Reflect  .   (no cloak)
rCorr    .         Harm     .   t - +0 pair of gloves
MR       .....                  (no boots)
Stlth    +.........             (no amulet)
Regen    0.2/turn               (no ring)
MPRegen  0.2/turn               (no ring)

@: very slow
A: no food or potions, fire vulnerability, cold resistance 1, negative energy
resistance 3, torment resistance, unbreathing
a: Bend Time, Temporal Distortion, Renounce Religion


You were on level 5 of the Dungeon.
You worshipped Cheibriados.
Cheibriados was most pleased with you.
You were not hungry.

You visited 1 branch of the dungeon, and saw 6 of its levels.

You collected 307 gold pieces.

Inventory:

Hand Weapons
 a - a +0 flail
 m - a +0 morningstar
 r - a +2 morningstar of crushing (weapon)
Armour
 b - a +0 scale mail
 c - a +0 shield (worn)
 d - a cursed +1 ring mail (worn)
 k - a +0 plate armour
 l - a +0 helmet (worn)
 t - a +0 pair of gloves (worn)
Jewellery
 q - a +4 amulet of reflection {unknown}
 u - an uncursed amulet of rage {unknown}
Wands
 s - a wand of flame (12/48)
Scrolls
 e - 4 scrolls of enchant armour
 f - 2 scrolls of identify {unknown}
 g - 2 scrolls of teleportation {unknown}
 h - 5 scrolls of remove curse {unknown}
 i - 3 scrolls of enchant weapon {unknown}
 j - a scroll of fog {unknown}
 n - a scroll of magic mapping
 o - a scroll of fear {unknown}
 p - a scroll of recharging {unknown}


   Skills:
 + Level 5.0 Fighting
 + Level 3.6 Maces & Flails
 + Level 4.3 Armour
 + Level 4.2 Shields
 + Level 2.9 Invocations


You had 6 spell levels left.
You didn't know any spells.

Dungeon Overview and Level Annotations

Branches:
Dungeon (6/15)
 Temple: D:4-7

Altars:
Ashenzari
Cheibriados
Qazlal
Trog
Uskayaw
Xom

Shops:
D:4 *(=


Innate Abilities, Weirdness & Mutations

You do not eat or drink.
Your flesh is vulnerable to fire.
You are immune to poison.
Your flesh is cold resistant. (rC+)
You are immune to negative energy. (rN+++)
You are immune to unholy pain and torment.
You can survive without breathing.


Message History

* * * LOW HITPOINT WARNING * * *
There is a stone staircase leading up here.
You can't go down here!
The orc warrior hits you with a scimitar of holy wrath.
* * * LOW HITPOINT WARNING * * *
You convulse.
* * * LOW HITPOINT WARNING * * *
You block the orc's attack.
You climb upwards.
There is a stone staircase leading down here.
Okay, then.
The flow of time bends around you.
Cheibriados rebukes the orc.
The orc seems to slow down.
Cheibriados rebukes the orc warrior.
The orc warrior seems to slow down.
You block the orc's attack.
The orc warrior hits you with a scimitar of holy wrath.
* * * LOW HITPOINT WARNING * * *
You convulse.
You die...

#.# #.# #.# #.#
#.# #.# #.#
#o################
#@o..(............
####.#############
######.#
#...[..######
#.####.....<# #.#
#.###### #.# #.#
##.####.######
#............#


You could see an orc warrior and an orc.

Vanquished Creatures
  2 ice beasts
  A bullfrog (D:6)
  3 wights
  2 crimson imps (D:6)
  2 bullfrog zombies
  A hound (D:5)
  An orc priest (D:3)
  A jelly (D:5)
  2 orc wizards
  3 worker ants
  A hound skeleton (D:5)
  A worker ant zombie (D:6)
  4 adders
  An ooze (D:2)
  6 worms
  7 dart slugs
  A leopard gecko (D:2)
  16 orcs
  10 bats
  5 giant cockroaches
  11 goblins
  6 hobgoblins
  4 jackals (D:6)
  7 kobolds
  3 quokkas
  2 ball pythons (D:3)
  6 frilled lizards
  A jackal skeleton (D:4)
  A quokka zombie (D:5)
  5 rats
116 creatures vanquished.

Notes
Turn   | Place    | Note
-------+----------+-------------------------------------------
     0 | D:1      | Jannitor the Mummy Fighter began the quest for the Orb.
     0 | D:1      | Reached XP level 1. HP: 18/18 MP: 1/1
   182 | D:1      | Reached XP level 2. HP: 17/24 MP: 2/2
   635 | D:1      | Reached XP level 3. HP: 28/29 MP: 3/3
  1108 | D:2      | Found a shimmering altar of Xom.
  1554 | D:2      | Found a snail-covered altar of Cheibriados.
  1554 | D:2      | Found a hide-covered altar of Uskayaw.
  1555 | D:2      | Found a stormy altar of Qazlal.
  1560 | D:2      | Became a worshipper of Cheibriados the Contemplative
  1613 | D:2      | Reached XP level 4. HP: 30/35 MP: 4/4
  2136 | D:2      | Reached * piety under Cheibriados
  2298 | D:4      | Found Quotauma's Jewellery Shoppe.
  2574 | D:4      | Found a bloodstained altar of Trog.
  2621 | D:4      | Found a shattered altar of Ashenzari.
  3132 | D:3      | Noticed an ice beast
  3143 | D:3      | Killed an ice beast
  3143 | D:3      | Reached skill level 1 in Invocations
  3143 | D:3      | Reached XP level 5. HP: 20/42 MP: 4/6
  3378 | D:3      | Reached skill level 4 in Fighting
  3913 | D:2      | Reached XP level 6. HP: 7/48 MP: 3/7
  4261 | D:4      | Found Ycanis's Weapon Emporium.
  4304 | D:4      | Found Puagrebi's General Store.
  4745 | D:5      | Entered Level 5 of the Dungeon
  5009 | D:5      | Reached ** piety under Cheibriados
  5325 | D:5      | Reached XP level 7. HP: 50/55 MP: 8/8
  6047 | D:6      | Reached skill level 5 in Fighting
  6140 | D:6      | Reached *** piety under Cheibriados
  6149 | D:5      | Slain by an orc warrior

Skill      XL: |  1  2  3  4  5  6  7 |
---------------+----------------------+-----
Maces & Flails | 2 3 |  3.6
Shields        | 3 4 |  4.2
Armour         | 3 4 |  4.3
Invocations    | 1 2 |  2.9
Fighting       | 4 5 |  5.0

Action                   |  1- 3 |  4- 6 |  7- 9 || total
-------------------------+-------+-------+-------++-------
Melee: Flail             |   151 |   113 |       ||   264
       Morningstar       |       |   122 |    69 ||   191
Invok: Bend Time         |       |     1 |     1 ||     2
  Use: Scroll            |     3 |       |       ||     3
Armor: Ring mail         |    56 |   106 |    20 ||   182
       Scale mail        |     2 |       |       ||     2
Dodge: Dodged            |    54 |    83 |    21 ||   158
Block: Shield            |   101 |   160 |    39 ||   300
